 Dungeon Crawl Stone Soup version 0.18-a0-1745-gffa9a88 (webtiles) character file.

17668 dobroeutro the Blocker (level 12, -2/76 HPs)
             Began as a Gargoyle Fighter on Apr 11, 2016.
             Was a High Priest of Okawaru.
             Killed from afar by an ice statue (24 damage)
             ... with a shard of ice
             ... in an ice cave.
             The game lasted 00:39:37 (11832 turns).

dobroeutro the Blocker (Gargoyle Fighter)          Turns: 11832, Time: 00:39:40

Health: -2/76      AC: 43    Str: 28    XL:     12   Next: 50%
Magic:  11/11      EV:  7    Int:  8    God:    Okawaru [*****.]
Gold:   418        SH: 16    Dex: 14    Spells: 0 memorised, 11 levels left

rFire  . . .     SeeInvis +     p - +3 eveningstar (drain)
rCold  . . .     Gourm    .     G - +11 plate armour "Puochog" {rN++}
rNeg   + + +     Faith    .     c - +0 shield
rPois  ∞         Spirit   .     t - +2 helmet
rElec  +         Dismiss  .     L - +0 cloak {rPois}
rCorr  .         Reflect  .     (no gloves)
SustAt .         Harm     .     (no boots)
MR     +....                    (no amulet)
Stlth  ..........               s - ring of see invisible
                                K - +4 ring of dexterity

@: mighty, somewhat resistant to hostile enchantments, extremely unstealthy
A: fangs 1, large bone plates 1, yellow scales 1, blink, blurry vision 1, dopey
1, low mp 1, magic resistance 1, negative energy resistance 1, screaming 1,
electricity resistance, unbreathing, petrification resistance, rot immunity,
MP-powered wands, AC +8
a: Blink, Heroism, Finesse, Renounce Religion


You were in an ice cave.
You worshipped Okawaru.
Okawaru was extremely pleased with you.
You were not hungry.

You visited 2 branches of the dungeon, and saw 13 of its levels.
You also visited: Sewer and Ice Cave.

You collected 863 gold pieces.
You spent 445 gold pieces at shops.

Inventory:

Hand Weapons
 p - a +3 eveningstar of draining (weapon)
 E - a +2 mace of holy wrath
Missiles
 l - 3 poisoned javelins (quivered)
Armour
 c - a +0 shield (worn)
 t - a +2 helmet (worn)
 z - a +3 scale mail
 G - the +11 plate armour "Puochog" (worn) {rN++}
   (You found it on level 6 of the Dungeon)

   It greatly protects you from negative energy.
 L - a +0 cloak of poison resistance (worn)
Jewellery
 s - a ring of see invisible (right hand)
 v - an uncursed ring of sustain attributes
 K - a +4 ring of dexterity (left hand)
Wands
 k - a wand of polymorph (5/24)
 y - a wand of flame (15/48)
 H - a wand of digging (12/24)
 J - a wand of slowing (5/48)
 M - a wand of teleportation (4/9)
 N - a wand of confusion (28/48)
 P - a wand of flame (15/48)
 R - a wand of digging (14/24)
Scrolls
 g - 3 scrolls of identify
 m - 2 scrolls of remove curse
 q - 3 scrolls of fog
 r - a scroll of fear
 u - 3 scrolls of amnesia
 w - 5 scrolls of recharging
 B - 2 scrolls of random uselessness
 C - a scroll of magic mapping
 F - 4 scrolls of teleportation
Potions
 d - 3 potions of might
 e - a potion of heal wounds
 j - a potion of ambrosia
 n - 4 potions of haste
 o - a potion of cancellation
 x - 9 potions of curing
 A - a potion of agility
 D - 4 potions of degeneration
 I - a potion of invisibility
 O - a potion of cure mutation
Comestibles
 b - a slice of pizza
 f - 12 bread rations
 h - 3 beef jerkies
 i - 6 meat rations


   Skills:
 + Level 9.2 Fighting
 + Level 10.8 Maces & Flails
 + Level 9.7 Armour
 + Level 14.0 Shields
 + Level 0.7 Invocations


You had 11 spell levels left.
You didn't know any spells.

Dungeon Overview and Level Annotations

Branches:
Dungeon (12/15)            Temple (1/1) D:7            Lair (0/8) D:10
    Orc (0/2) D:9

Altars:
Ashenzari
Cheibriados
Dithmenos
Elyvilon
Fedhas
Kikubaaqudgha
Makhleb
Okawaru
Pakellas
Qazlal
Ru
Sif Muna
Trog
Xom
Zin

Shops:
D:3 }   D:6 ?   D:7 =   D:11 !

Annotations:
IceCv exclusion: ice statue


Innate Abilities, Weirdness & Mutations

You are resistant to torment.
Your stone body is resilient (AC +8).
You are immune to poison.
You resist negative energy.
You are resistant to electric shocks.
You can survive without breathing.
You are immune to petrification.
You are immune to rotting.
You have very sharp teeth.
You are partially covered in large bone plates (AC +2, SH +2).
You are partially covered in yellow scales (AC +2).
You can translocate small distances at will.
Scrolls take you a little longer to read.
You are dopey. (Int -2)
Your magical capacity is low (-10% MP).
You are resistant to hostile enchantments.
You occasionally shout uncontrollably at your foes.
You expend magic power (3 MP) to strengthen your wands.


Message History

Your plate armour "Puochog" prevents you from hitting the ice statue.
The ice statue gestures at you. The bolt of cold hits you!
You impale the ice statue!!
You bite the ice statue, but do no damage.
The ice statue is moderately damaged.
The ice statue gestures at you. The freezing blast engulfs you!
You hit the ice statue.
The ice statue is moderately damaged.
You are engulfed in freezing vapours.
The ice statue gestures.
You bludgeon the ice statue!!
You bite the ice statue, but do no damage.
The ice statue is severely damaged.
You are engulfed in freezing vapours.
* * * LOW HITPOINT WARNING * * *
The ice statue gestures at you. The shard of ice hits you!
You die...

##### #####...##
# ##........##
#. ##..........#
...#..........##
...............#
#....§§Y.....#
#.§§@§.....#
###8#§...#.#
####§.#### #..##
##..## ##..#
##...# ##...##
#...##


You could see an ice statue and an ice beast.

Vanquished Creatures
  Erolcha (D:8)
  The ghost of nono the Covert, a novice VSAs of Okawaru (D:10)
  An unseen horror (D:11)
  The ghost of 4thArraOfDagon the Slasher, a novice HOWn of Okawaru (D:11)
  2 hill giants
  3 ugly things
  A manticore (D:11)
  3 cyclopes (D:11)
  Maurice (D:8)
  2 ice statues
  A centaur skeleton (D:11)
  3 two-headed ogres
  6 slime creatures (D:12)
  14 yaks
  A spriggan (D:8)
  A shadow (D:11)
  A vampire (D:10)
  A vampire mosquito (D:12)
  2 hippogriffs
  A steam dragon (D:11)
  A soldier ant (D:11)
  The ghost of dobroeutro the Shield-Bearer, an amateur GrFi (Sewer)
  2 wargs (D:9)
  A water moccasin (D:7)
  A hell hound (D:10)
  2 ice beasts
  8 orc warriors
  3 black bears
  A sky beast (D:6)
  4 ogres
  An eye of draining (D:9)
  6 centaurs
  A phantom (D:9)
  A crocodile (D:11)
  2 big kobolds
  6 giant frogs
  A water moccasin zombie (D:7)
  A wyvern skeleton (D:10)
  2 scorpions
  A water moccasin skeleton (D:6)
  3 killer bees (D:9)
  A centaur zombie (D:6)
  3 electric eels
  5 howler monkeys
  3 crimson imps
  7 jellies
  2 quasits
  2 hounds
  8 orc priests
  3 giant frog skeletons
  10 orc wizards
  Jessica (D:2)
  4 worker ants
  Terence (D:3)
  A hound zombie (D:5)
  A hound skeleton (D:6)
  Robin (D:3)
  A howler monkey zombie (D:11)
  A worker ant zombie (D:10)
  4 gnolls
  14 adders
  3 shadow imps
  5 white imps (IceCv)
  5 ufetubi (IceCv)
  2 adder skeletons
  7 worms
  2 dart slugs
  6 giant geckos
  59 orcs
  16 bats
  8 giant cockroaches
  9 hobgoblins
  13 jackals
  A quokka (D:3)
  13 ball pythons
  2 giant gecko zombies
  6 giant newts
  17 goblins
  23 kobolds
  A quokka skeleton (D:6)
  14 rats
381 creatures vanquished.

Vanquished Creatures (others)
  A hound (D:6)
  An iguana (D:6)
  3 white imps (IceCv)
  2 ufetubi (IceCv)
  2 orcs (D:6)
  A quokka (D:6)
  A fungus (D:3)
  A plant (Sewer)
12 creatures vanquished.

Grand Total: 393 creatures vanquished

Notes
Turn   | Place    | Note
--------------------------------------------------------------
     0 | D:1      | dobroeutro the Gargoyle Fighter began the quest for the Orb.
     0 | D:1      | Reached XP level 1. HP: 14/14 MP: 1/1
   148 | D:1      | Reached XP level 2. HP: 19/19 MP: 2/2
   315 | D:1      | Reached XP level 3. HP: 20/23 MP: 3/3
   452 | D:1      | Reached skill level 4 in Shields
   748 | D:1      | Reached XP level 4. HP: 29/29 MP: 4/4
  1135 | D:2      | Found a deep blue altar of Sif Muna.
  1135 | D:2      | Noticed Jessica
  1141 | D:2      | Killed Jessica
  1205 | D:2      | Found a shattered altar of Ashenzari.
  1323 | D:2      | Found a snail-covered altar of Cheibriados.
  1658 | D:2      | Reached XP level 5. HP: 30/33 MP: 5/5
  1979 | D:3      | Found an oddly glowing altar of Pakellas.
  1979 | D:3      | Found Pakellas's Prime Provisions.
  2035 | D:3      | Noticed Terence
  2043 | D:3      | Killed Terence
  2070 | D:3      | Noticed Robin
  2094 | D:3      | Killed Robin
  2097 | D:3      | Reached skill level 5 in Shields
  2483 | D:3      | Reached XP level 6. HP: 12/39 MP: 6/6
  2984 | D:4      | Reached XP level 7. HP: 43/44 MP: 7/7
  3338 | D:5      | Entered Level 5 of the Dungeon
  3357 | D:5      | Reached skill level 6 in Shields
  3430 | D:5      | Reached skill level 5 in Fighting
  3609 | D:5      | Reached skill level 5 in Armour
  3674 | D:5      | Found a glowing drain.
  3745 | Sewer    | Entered a sewer
  3930 | Sewer    | Noticed dobroeutro's ghost (amateur GrFi)
  3963 | Sewer    | Killed dobroeutro's ghost
  4139 | Sewer    | Reached XP level 8. HP: 49/49 MP: 8/8
  4212 | Sewer    | Reached skill level 7 in Shields
  4849 | D:6      | Found a shimmering altar of Xom.
  4869 | D:6      | Reached skill level 8 in Shields
  4950 | D:6      | Reached skill level 5 in Maces & Flails
  5076 | D:6      | Found a shadowy altar of Dithmenos.
  5080 | D:6      | Found a burning altar of Makhleb.
  5085 | D:6      | Found a blossoming altar of Fedhas.
  5219 | D:6      | Found Sytiw's Magic Scroll Emporium.
  5384 | D:6      | Reached XP level 9. HP: 53/55 MP: 9/9
  5388 | D:6      | Gained mutation: You are resistant to hostile enchantments. [mutagenic meat]
  5389 | D:6      | Lost mutation: You are resistant to hostile enchantments. [mutagenic meat]
  5420 | D:6      | Got a spiked plate armour
  5431 | D:6      | Identified the +11 plate armour "Puochog" {rN++} (You found it on level 6 of the Dungeon)
  5463 | D:6      | Reached skill level 9 in Shields
  5802 | D:7      | Found a snail-covered altar of Cheibriados.
  5900 | D:7      | Found Anox's Jewellery Emporium.
  5912 | D:7      | Bought a +4 ring of dexterity for 270 gold pieces
  6276 | D:7      | Found a staircase to the Ecumenical Temple.
  6281 | Temple   | Entered the Ecumenical Temple
  6351 | Temple   | Became a worshipper of Warmaster Okawaru
  6668 | D:8      | Found a shadowy altar of Dithmenos.
  6726 | D:8      | Noticed Erolcha
  6742 | D:8      | Paralysed by Erolcha for 3 turns
  6755 | D:8      | Killed Erolcha
  6755 | D:8      | Reached * piety under Okawaru
  6755 | D:8      | Reached ** piety under Okawaru
  6755 | D:8      | Reached skill level 10 in Shields
  6755 | D:8      | Reached XP level 10. HP: 32/61 MP: 10/10
  6760 | D:8      | Noticed Maurice
  6937 | D:8      | Killed Maurice
  7058 | D:8      | Found a stormy altar of Qazlal.
  7540 | D:9      | Found a glowing silver altar of Zin.
  7643 | D:9      | Found a staircase to the Orcish Mines.
  7737 | D:9      | Reached *** piety under Okawaru
  8448 | D:10     | Entered Level 10 of the Dungeon
  8476 | D:10     | Reached skill level 11 in Shields
  8522 | D:10     | Noticed nono's ghost (novice VSAs)
  8567 | D:10     | Killed nono's ghost
  8577 | D:10     | Found a staircase to the Lair.
  8770 | D:10     | Reached XP level 11. HP: 68/68 MP: 11/11
  8779 | D:10     | Noticed a brown ugly thing
  8826 | D:10     | Killed a brown ugly thing
  8826 | D:10     | Reached **** piety under Okawaru
  8830 | D:10     | Gained mutation: You occasionally shout uncontrollably at your foes. [mutagenic meat]
  8910 | D:10     | Reached skill level 12 in Shields
  9580 | D:11     | Noticed a manticore
  9792 | D:11     | Killed a manticore
  9792 | D:11     | Reached ***** piety under Okawaru
  9882 | D:11     | Noticed a hill giant
  9901 | D:11     | Killed a hill giant
 10150 | D:11     | Noticed a cyclops
 10226 | D:11     | Noticed 4thArraOfDagon's ghost (novice HOWn)
 10317 | D:11     | Killed 4thArraOfDagon's ghost
 10317 | D:11     | Received a gift from Okawaru
 10388 | D:11     | Found an iron altar of Okawaru.
 10392 | D:11     | Noticed a red ugly thing
 10392 | D:11     | Noticed an unseen horror
 10439 | D:11     | Killed a red ugly thing
 10483 | D:11     | Killed an unseen horror
 10483 | D:11     | Reached skill level 13 in Shields
 10505 | D:11     | Gained mutation: You are partially covered in yellow scales (AC +2). [mutagenic meat]
 10506 | D:11     | Gained mutation: You are dopey. (Int -2) [mutagenic meat]
 10507 | D:11     | Gained mutation: You are partially covered in large bone plates (AC +2, SH +2). [mutagenic meat]
 10748 | D:11     | Found Daosadwonel's Distillery.
 10751 | D:11     | Bought a potion of curing for 39 gold pieces
 10751 | D:11     | Bought a potion of curing for 39 gold pieces
 10751 | D:11     | Bought a potion of heal wounds for 65 gold pieces
 10753 | D:11     | Bought a potion of mutation for 32 gold pieces
 10753 | D:11     | Lost mutation: You are dopey. (Int -2) [potion of mutation]
 10753 | D:11     | Gained mutation: You expend magic power (3 MP) to strengthen your wands. [potion of mutation]
 10753 | D:11     | Gained mutation: Scrolls take you a little longer to read. [potion of mutation]
 10754 | D:11     | Gained mutation: Your magical capacity is low (-10% MP). [potion of mutation]
 10754 | D:11     | Gained mutation: You can translocate small distances at will. [potion of mutation]
 10754 | D:11     | Gained mutation: You are resistant to hostile enchantments. [potion of mutation]
 10756 | D:11     | Gained mutation: You are dopey. (Int -2) [potion of mutation]
 10756 | D:11     | Gained mutation: You have very sharp teeth. [potion of mutation]
 10846 | D:11     | Noticed a cyclops
 10850 | D:11     | Noticed a cyclops
 10890 | D:11     | Killed a cyclops
 10890 | D:11     | Reached skill level 10 in Maces & Flails
 10916 | D:11     | Killed a cyclops
 10916 | D:11     | Reached XP level 12. HP: 55/75 MP: 7/10
 10928 | D:11     | Received a gift from Okawaru
 11413 | D:12     | Found a frozen archway.
 11531 | D:12     | Reached skill level 14 in Shields
 11536 | IceCv    | Entered an ice cave
 11832 | IceCv    | Killed from afar by an ice statue

Vault maps used:
D:1:      dpeg_arrival_ratfight, kennysheep_nondescript
D:2:      minmay_door_path, kennysheep_slug_shrine,
          lemuel_coloured_pillars_altar, ashenzari_altar_1, uniq_jessica
D:3:      johnstein_pakellas_shop, first_bread, minmay_shallow_snake_nest,
          uniq_terence, uniq_robin
D:5:      gup_sewer_entry_glass
D:6:      xom_confusion_cloud, minmay_overflow_temple_star_quad, serial_shops,
          shop_fountains, kennysheep_generic_room_6
D:7:      minmay_temple_entry_grid, serial_shops, nicolae_shop_window_shopping,
          chei_slow_surprise
D:8:      serial_bayou, serial_bayou_ford_a, serial_bayou_pond_d,
          serial_bayou_pond_d, serial_bayou_pond_a, basic_altar, the_bakery,
          grunt_qazlal_clouds, uniq_erolcha, uniq_maurice
D:9:      nicolae_overflow_crystal_walls, david_orc_3, minmay_door_square,
          due_unseen_surprise
D:10:     minmay_lair_entry_lava, special_room, minmay_misc_feat_encased
D:11:     serial_shops, shop, grunt_ministairs_9, okawaru_ov_weapons_minmay
D:12:     kennysheep_room_grid, serial_shops, shop,
          portal_ice_cave_entry_ice_statue_01, nicolae_gozag_zags_fifth_avenue
Temple:   dpeg_five_rooms_temple_12
Sewer:    kennysheep_pipe_town
IceCv:    ice_cave_small_demon

Skill      XL: |  1  2  3  4  5  6  7  8  9 10 11 12 |
---------------+-------------------------------------+-----
Shields        | 4 5 6 8 10 11 13 14 | 14.0
Armour         | 4 5 6 7 8 9 |  9.7
Fighting       | 4 5 6 7 8 9 |  9.2
Maces & Flails | 3 4 5 6 8 10 | 10.8
Invocations    | |  0.7

Action                   |  1- 3 |  4- 6 |  7- 9 | 10-12 || total
-------------------------+-------+-------+-------+-------++-------
Melee: Flail             |   112 |   355 |   350 |       ||   817
       Mace              |       |       |   307 |   956 ||  1263
       Eveningstar       |       |       |       |   179 ||   179
Throw: Javelin           |       |       |       |     3 ||     3
Invok: Heroism           |       |       |       |     3 ||     3
       Finesse           |       |       |       |     1 ||     1
  Use: Scroll            |     1 |     3 |     2 |    16 ||    22
       Potion            |       |     1 |       |    13 ||    14
  Eat: Chunk             |       |     8 |    16 |    21 ||    45
       Beef jerky        |       |       |       |     1 ||     1
